[Event "Titled Tuesday Blitz July 4 Early 2023"]
[White "Bueno, Alfeu Junior Varela"]
[Black "Kashlinskaya, Alina"]
[WhiteFideId "2108879"]
[BlackFideId "4198026"]
[WhiteElo "2433"]
[BlackElo "2628"]
[Result "1-0"]
[Round "4"]
[TimeControl "180+2"]
[Date "2023.07.04"]
[WhiteClock "0:00:03"]
[BlackClock "0:00:12"]
[Board "94"]

1. e4 c6 2. d4 d5 3. f3 dxe4 4. fxe4 e5 5. Nf3 exd4 6. Bc4 Nd7 7. O-O Ngf6 8. Ng5 Ne5 9. Nxf7 Nxf7 10. Bxf7+ Kxf7 11. e5 Be7 12. Bg5 Re8 13. exf6 Bxf6 14. Qh5+ Kg8 15. Bxf6 gxf6 16. Rxf6 Qxf6 17. Qxe8+ Qf8 18. Qe5 Bf5 19. Nd2 Bxc2 20. Qxd4 Bg6 21. Rf1 Qg7 22. Qc4+ Kh8 23. b3 Re8 24. Nf3 Re4 25. Qd3 Qe7 26. Qc3+ Kg8 27. Rd1 Re2 28. Qd4 Rxa2 29. Ne5 Ra5 30. Nxg6 hxg6 31. Qc4+ Qf7 32. Rd8+ Kh7 33. Qxf7+ 1-0


[Site "https://www.chess.com"]

[Event "Titled Tuesday Blitz July 4 Early 2023"]
[White "Komov, Roman"]
[Black "Philippe, Guillaume"]
[WhiteFideId "24175714"]
[BlackFideId "36048763"]
[WhiteElo "2628"]
[BlackElo "2413"]
[Result "1/2-1/2"]
[Round "4"]
[TimeControl "180+2"]
[Date "2023.07.04"]
[WhiteClock "0:00:13"]
[BlackClock "0:00:03"]
[Board "95"]

1. e4 c5 2. Nf3 Nc6 3. Bb5 e6 4. O-O Nge7 5. d4 cxd4 6. Nxd4 Ng6 7. Be3 Be7 8. Nd2 O-O 9. N2b3 Qc7 10. h3 a6 11. Be2 b5 12. a4 b4 13. Rc1 Bb7 14. Nd2 f5 15. exf5 exf5 16. N2f3 Kh8 17. Re1 Bf6 18. c3 bxc3 19. bxc3 Rae8 20. Bg5 Bxg5 21. Nxg5 Nce5 22. Ndf3 h6 23. Nxe5 Nxe5 24. f4 Ng6 25. Nf3 Nxf4 26. Bf1 Rxe1 27. Nxe1 Qc5+ 28. Qd4 Qc7 29. Rd1 d5 30. Qf2 Kh7 31. Nf3 Rf6 32. Nd4 Rg6 33. Kh1 Nh5 34. Nxf5 Qxc3 35. Be2 Ng3+ 36. Nxg3 Qxg3 37. Qxg3 Rxg3 38. Bf3 Rg5 39. Rb1 Bc6 40. a5 Bb5 41. Rd1 Bc4 42. Rb1 Re5 43. Rb6 Re1+ 44. Kh2 Ra1 45. Bg4 Rxa5 46. Bf5+ Kg8 47. Bg6 Kf8 48. Re6 Bb5 49. Rd6 Ke7 50. Rxd5 Ra2 51. Be4 Bc6 52. Rd4 Bxe4 53. Rxe4+ Kf6 54. Rb4 Ra3 55. Rb6+ Kf7 56. h4 h5 57. g3 a5 58. Kg2 Ke7 59. Ra6 a4 60. Ra7+ Kf6 61. Ra5 g6 62. Ra6+ Kf5 63. Ra5+ Ke4 64. Ra6 Kf5 65. Ra5+ Kf6 66. Ra6+ Kg7 67. Kh2 Ra2+ 68. Kh3 a3 69. Ra5 Kf6 70. Ra6+ Kf5 71. Ra5+ Ke6 72. Ra6+ Kf7 73. Ra7+ Kg8 74. g4 hxg4+ 75. Kxg4 Ra1 76. Kg5 Rg1+ 77. Kh6 a2 78. Rxa2 Rg4 79. Ra7 Rxh4+ 80. Kxg6 Rg4+ 81. Kf5 Rg1 82. Ra8+ Kg7 83. Ra6 Rf1+ 84. Ke4 Re1+ 85. Kf3 Rf1+ 86. Kg4 Rf6 87. Ra7+ Rf7 88. Ra5 1/2-1/2


[Site "https://www.chess.com"]

[Event "Titled Tuesday Blitz July 4 Early 2023"]
[White "Zia, Tahsin Tajwar"]
[Black "Borgaonkar Akshay"]
[WhiteFideId "10211888"]
[BlackFideId "25639110"]
[WhiteElo "2411"]
[BlackElo "2621"]
[Result "1-0"]
[Round "4"]
[TimeControl "180+2"]
[Date "2023.07.04"]
[WhiteClock "0:00:04"]
[BlackClock "0:00:00"]
[Board "96"]

1. d4 Nf6 2. c4 e6 3. g3 Bb4+ 4. Bd2 Be7 5. Bg2 c6 6. Nf3 b6 7. Qc2 Bb7 8. Nc3 d5 9. Rd1 Nbd7 10. h4 dxc4 11. Ne5 Nxe5 12. dxe5 Nd5 13. Ne4 b5 14. Bg5 Qa5+ 15. Kf1 Bf8 16. a3 h6 17. Bd2 Qc7 18. Nd6+ Bxd6 19. exd6 Qd7 20. e4 Nb6 21. e5 c5 22. Be3 Bxg2+ 23. Kxg2 O-O-O 24. Qe4 Nd5 25. Kh2 Qc6 26. a4 a6 27. axb5 axb5 28. Ra1 Kb7 29. Qf3 Nxe3 30. Qxe3 Ra8 31. Qf4 Rxa1 32. Rxa1 Qd7 33. Qf3+ Kb6 34. Qa3 Qb7 35. Qa5+ Kc6 36. Qd2 Kd7 37. Qf4 Rf8 38. Qe3 Qb6 39. Qf3 f6 40. Qg4 g5 41. Qe4 f5 42. Qe3 gxh4 43. Qxh6 Rf7 44. Qg6 Kc6 45. Qxf7 hxg3+ 46. Kg2 Kd5 47. Qc7 1-0


[Site "https://www.chess.com"]

[Event "Titled Tuesday Blitz July 4 Early 2023"]
[White "Glavina, Pablo"]
[Black "Karttunen, Mika"]
[WhiteFideId "100234"]
[BlackFideId "502081"]
[WhiteElo "2373"]
[BlackElo "2619"]
[Result "1-0"]
[Round "4"]
[TimeControl "180+2"]
[Date "2023.07.04"]
[WhiteClock "0:00:44"]
[BlackClock "0:00:11"]
[Board "97"]

1. c4 c5 2. Nf3 Nc6 3. d4 cxd4 4. Nxd4 Nf6 5. Nc3 g6 6. e4 d6 7. Be2 Bg7 8. Be3 O-O 9. O-O Bd7 10. h3 a6 11. Nf3 Rc8 12. Nd2 Be6 13. Rc1 Nd7 14. f4 f5 15. exf5 gxf5 16. Nf3 Kh8 17. Kh1 Bg8 18. Qd2 Nf6 19. Bd3 Nh5 20. Kh2 e5 21. Be2 exf4 22. Bxf4 Nxf4 23. Qxf4 Ne5 24. Kh1 Nxc4 25. Bxc4 Rxc4 26. Qd2 d5 27. Ne2 Qb6 28. b3 Re4 29. Ng3 Bh6 30. Qb2+ Qf6 31. Qxf6+ Rxf6 32. Nxe4 dxe4 33. Rc8 exf3 34. Rxf3 Rf8 35. Rxf8 Bxf8 36. Rxf5 Bd6 37. Rf6 Be5 38. Rf5 Bd4 39. Rf4 Bb2 40. Re4 Ba3 41. Rd4 Bc5 42. Rd7 b6 43. Kh2 a5 44. Kg3 Be6 45. Rb7 Kg8 46. Kf4 Bf7 47. g4 Kg7 48. Kf5 Kf8 49. Kf6 Bd4+ 50. Kf5 Ke8 51. Ke4 Bg6+ 52. Kxd4 Kd8 53. Rxb6 Kc7 54. Ra6 Kb7 55. Rxa5 1-0


[Site "https://www.chess.com"]

[Event "Titled Tuesday Blitz July 4 Early 2023"]
[White "MAHanif"]
[Black "Ganiev, Roman"]
[BlackFideId "4131452"]
[WhiteElo "2359"]
[BlackElo "2619"]
[Result "1/2-1/2"]
[Round "4"]
[TimeControl "180+2"]
[Date "2023.07.04"]
[WhiteClock "0:00:50"]
[BlackClock "0:00:31"]
[Board "98"]

1. d4 Nf6 2. Nf3 e6 3. g3 b6 4. Bg2 Bb7 5. O-O Be7 6. c4 O-O 7. b3 c5 8. Bb2 cxd4 9. Nxd4 Bxg2 10. Kxg2 Qc8 11. e3 Nc6 12. Qf3 Ne5 13. Qe2 Qb7+ 14. f3 Nc6 15. Nd2 Rac8 16. Rad1 d5 17. Nxc6 Qxc6 18. Bxf6 Bxf6 19. cxd5 Qxd5 20. Ne4 Qe5 21. Nxf6+ Qxf6 22. Rd2 h5 23. h4 Rc3 24. Rd3 Rfc8 25. Rfd1 Rc2 26. R3d2 R2c5 27. e4 Rc3 28. Rd3 g6 29. Rxc3 Rxc3 30. Rd3 Rc5 31. Qd2 Kg7 32. Qe2 Qa1 33. Rd1 Qc3 34. Qd2 Qf6 35. Rc1 Rxc1 36. Qxc1 Qd4 37. Qc2 e5 38. Qf2 Qd3 39. Qf1 Qd2+ 40. Qf2 Qd3 41. Qf1 Qd2+ 42. Qf2 Qd3 1/2-1/2


[Site "https://www.chess.com"]

[Event "Titled Tuesday Blitz July 4 Early 2023"]
[White "Rosh Jain"]
[Black "Jaskolka, Tomasz"]
[WhiteFideId "25789465"]
[BlackFideId "1170791"]
[WhiteElo "2352"]
[BlackElo "2616"]
[Result "0-1"]
[Round "4"]
[TimeControl "180+2"]
[Date "2023.07.04"]
[WhiteClock "0:01:05"]
[BlackClock "0:00:50"]
[Board "99"]

1. e4 d5 2. exd5 Nf6 3. d4 Bg4 4. f3 Bf5 5. c4 e6 6. g4 Bg6 7. dxe6 Nc6 8. Be3 fxe6 9. Nc3 Bb4 10. Ne2 O-O 11. Bg2 e5 12. O-O exd4 13. Nxd4 Qe7 14. Re1 Rad8 15. Qb3 Bc5 16. Nc2 Bxc2 17. Qxc2 Bxe3+ 18. Kh1 Qc5 19. Na4 Qg5 20. c5 Kh8 21. Qc4 Rd4 22. Qb3 Bf4 23. Qxb7 Qh4 24. h3 Qg3 25. Kg1 Rd2 0-1


[Site "https://www.chess.com"]

[Event "Titled Tuesday Blitz July 4 Early 2023"]
[White "Fisher_TheGalactic"]
[Black "Dwilewicz, Katarzyna"]
[BlackFideId "1148486"]
[WhiteElo "2615"]
[BlackElo "2349"]
[Result "1-0"]
[Round "4"]
[TimeControl "180+2"]
[Date "2023.07.04"]
[WhiteClock "0:00:07"]
[BlackClock "0:00:00"]
[Board "100"]

1. Nf3 c5 2. g3 Nc6 3. Bg2 e5 4. e4 Nf6 5. O-O Be7 6. d3 O-O 7. Nh4 d5 8. Nf5 Bxf5 9. exf5 Qd7 10. g4 d4 11. Nd2 Rfe8 12. Ne4 Rad8 13. g5 Nxe4 14. Bxe4 Bf8 15. Kh1 Ne7 16. f6 Ng6 17. Qf3 Nh4 18. Bxh7+ Kxh7 19. Qh5+ Kg8 20. Qxh4 c4 21. f3 Rc8 22. Rg1 Qf5 23. Rg3 Qh7 24. Qxh7+ Kxh7 25. g6+ Kg8 26. fxg7 Bxg7 27. gxf7+ Kxf7 28. f4 e4 29. dxe4 Rxe4 30. Bd2 Re2 31. Rd1 Rh8 32. Rg2 Rhe8 33. Kg1 b5 34. Kf1 Rxg2 35. Kxg2 Re2+ 36. Kg3 Bf6 37. h4 Kg6 38. Kg4 Rg2+ 39. Kf3 Rh2 40. Ke4 Rxh4 41. Rg1+ Kf7 42. Rg2 Ke6 43. b3 Rh3 44. f5+ Kd6 45. Bf4+ Ke7 46. Rg8 Kf7 47. Ra8 Rh4 48. Rxa7+ Ke8 49. Kf3 Rh3+ 50. Kg4 Rc3 51. Ra6 Be7 52. Re6 Kf7 53. Re2 d3 54. cxd3 cxd3 55. Rd2 Bf6 56. Kf3 Ke7 57. Ke4 Rc2 58. Rxc2 dxc2 59. Kd3 Kd7 60. Kxc2 Kc6 61. Kd3 Kd5 62. Bd2 Be5 63. Bc3 Bd6 64. f6 b4 65. Bb2 Bf8 66. Ke3 Kc5 67. Ke4 Kd6 68. Kf5 Kd5 69. Kg6 Ke4 70. Kf7 Bc5 71. Ke6 Kd3 72. f7 Bf8 73. Be5 Kc2 74. Bd6 Bg7 75. Bxb4 Kb2 76. f8=Q Bxf8 77. Bxf8 Kxa2 78. b4 1-0


[Site "https://www.chess.com"]

[Event "Titled Tuesday Blitz July 4 Early 2023"]
[White "Vovk, Orest"]
[Black "Prieto Aranguren, Alain"]
[WhiteFideId "14113490"]
[BlackFideId "2268906"]
[WhiteElo "2609"]
[BlackElo "2338"]
[Result "0-1"]
[Round "4"]
[TimeControl "180+2"]
[Date "2023.07.04"]
[WhiteClock "0:00:00"]
[BlackClock "0:00:38"]
[Board "101"]

1. g4 g6 2. Bg2 Bg7 3. h3 c5 4. Nc3 Nc6 5. Nf3 d5 6. e4 d4 7. Ne2 e5 8. d3 Nge7 9. Ng3 h6 10. g5 h5 11. Nh4 Be6 12. f4 exf4 13. Bxf4 Ne5 14. O-O Qd7 15. Kh2 N7c6 16. Qd2 O-O-O 17. a3 Ng4+ 18. Kg1 Ne3 19. Kh2 Nxf1+ 20. Rxf1 Be5 21. Ne2 Bxf4+ 22. Nxf4 Ne5 23. Qa5 Qc7 24. Qxc7+ Kxc7 25. Nxe6+ fxe6 26. Rf6 Rhf8 27. Rxe6 Nc6 28. Kg3 Rd6 29. Rxg6 Rxg6 30. Nxg6 Rg8 31. Nf4 Rxg5+ 32. Kh4 Rg8 33. Kxh5 Ne5 34. h4 b5 35. Ne6+ Kd6 36. Nf4 c4 37. Bh3 c3 38. bxc3 dxc3 39. Ne2 Rh8+ 40. Kg5 Nf3+ 41. Kf4 Rxh4+ 42. Kxf3 Rxh3+ 43. Kg2 Rh8 44. Nxc3 Kc5 45. Nd5 Rf8 46. c3 a5 47. Ne3 Kd6 48. d4 Rc8 49. Nd5 Rc4 50. Kf3 Ra4 51. Ke3 Rxa3 52. Kd2 Ra2+ 53. Kd3 a4 54. Nb4 Ra1 55. e5+ Ke6 56. Kc2 Rh1 57. Nd3 Rh2+ 58. Kb1 a3 59. Nf4+ Kf5 60. Nd5 Ke4 61. Nc7 Kd3 62. Nxb5 a2+ 63. Ka1 Kc4 64. d5 Kxb5 65. e6 Ka4 66. e7 Kb3 67. e8=Q Rh1+ 0-1


[Site "https://www.chess.com"]

[Event "Titled Tuesday Blitz July 4 Early 2023"]
[White "Materia, Marco"]
[Black "Rodriguez Santiago, Jaime"]
[WhiteFideId "45150451"]
[BlackFideId "3100898"]
[WhiteElo "2608"]
[BlackElo "2320"]
[Result "0-1"]
[Round "4"]
[TimeControl "180+2"]
[Date "2023.07.04"]
[WhiteClock "0:00:39"]
[BlackClock "0:00:06"]
[Board "102"]

1. d4 Nf6 2. c4 e6 3. Nf3 d5 4. Nc3 c5 5. cxd5 Nxd5 6. g3 Nc6 7. Bg2 cxd4 8. Nxd4 Nxd4 9. Qxd4 Nxc3 10. Qxc3 Qb6 11. O-O Bd7 12. Be3 Qb4 13. Qxb4 Bxb4 14. Bxb7 Rb8 15. Bf3 a5 16. Rfd1 Ke7 17. Rab1 Rhc8 18. Ba7 Rb5 19. a3 Bd6 20. Bd4 e5 21. Bc3 f6 22. Be1 Rc2 23. b4 axb4 24. axb4 f5 25. e4 f4 26. Bg2 g5 27. Bf1 Rb8 28. b5 Bc5 29. Rdc1 Rxc1 30. Rxc1 Bd4 31. Rb1 Kd6 32. Kg2 h5 33. f3 fxg3 34. hxg3 h4 35. Bb4+ Ke6 36. Bc4+ Kf6 37. Bd6 Rc8 38. Bd3 Rc3 39. b6 Rxd3 40. b7 Rd2+ 41. Kh1 Ba7 42. b8=Q Bxb8 43. Bxb8 hxg3 44. Rb6+ Kf7 45. Bxe5 g2+ 46. Kg1 Bh3 47. Rb1 Rd3 48. f4 Rf3 49. Rb8 Rf1+ 50. Kh2 g1=Q+ 51. Kxh3 Rf3# 0-1


[Site "https://www.chess.com"]

[Event "Titled Tuesday Blitz July 4 Early 2023"]
[White "Gunduz, Umut Erdem"]
[Black "Slovineanu, Viacheslav"]
[WhiteFideId "6381383"]
[BlackFideId "13900510"]
[WhiteElo "2606"]
[BlackElo "2302"]
[Result "0-1"]
[Round "4"]
[TimeControl "180+2"]
[Date "2023.07.04"]
[WhiteClock "0:00:03"]
[BlackClock "0:00:09"]
[Board "103"]

1. e4 c6 2. d4 d5 3. Nd2 dxe4 4. Nxe4 Nf6 5. Nxf6+ exf6 6. c3 Bd6 7. Bd3 Na6 8. Nf3 Nc7 9. O-O O-O 10. h3 Be6 11. Re1 a5 12. c4 b5 13. b3 a4 14. Be3 Bb4 15. Bd2 Bxd2 16. Qxd2 Qd6 17. Qc2 g6 18. Rad1 Qb4 19. Nd2 Rfd8 20. Ne4 f5 21. Nf6+ Kg7 22. Qe2 Kxf6 23. Qe5+ Ke7 24. Qxc7+ Kf8 25. Qxc6 axb3 26. axb3 Rac8 27. Qxb5 Qxb5 28. cxb5 Rxd4 29. Bf1 Rxd1 30. Rxd1 Bxb3 31. Rb1 Bd5 32. f4 Ke7 33. Kf2 Rc2+ 34. Ke3 Kd6 35. b6 Bb7 36. Kd4 Ra2 37. Kc3 Ra4 38. g3 Kc5 39. Rb5+ Kc6 40. Rb3 Kc5 41. Rb5+ Kc6 42. Rb1 Kc5 43. Rb2 Ra3+ 44. Kd2 Rxg3 45. Rb5+ Kc6 46. Ke1 Rg1 47. Rb4 Ba6 48. b7 Rxf1+ 49. Kd2 Bxb7 50. Rc4+ Kd6 51. Rd4+ Ke6 52. Ke3 Be4 53. Ra4 Rf3+ 54. Ke2 Rxh3 55. Ra6+ Ke7 56. Ra7+ Kf8 57. Ra3 Rxa3 0-1


[Site "https://www.chess.com"]

[Event "Titled Tuesday Blitz July 4 Early 2023"]
[White "Filgueira, Hernan"]
[Black "Schut, Han"]
[WhiteFideId "101770"]
[BlackFideId "1005561"]
[WhiteElo "2606"]
[BlackElo "2298"]
[Result "1-0"]
[Round "4"]
[TimeControl "180+2"]
[Date "2023.07.04"]
[WhiteClock "0:00:08"]
[BlackClock "0:00:00"]
[Board "104"]

1. e4 c5 2. Nf3 d6 3. Nc3 Nf6 4. d4 cxd4 5. Nxd4 a6 6. Be2 e5 7. Nb3 Be7 8. Bg5 Be6 9. Qd3 Nbd7 10. O-O Rc8 11. a4 Qc7 12. a5 Qc6 13. Bf3 Bc4 14. Qd2 Bxf1 15. Rxf1 h6 16. Be3 Nc5 17. Nxc5 dxc5 18. Nd5 Nxd5 19. exd5 Qd6 20. c4 f5 21. Qc2 O-O 22. g3 Qf6 23. Bd2 Bd6 24. Bc3 Qg6 25. Bg2 Rce8 26. Rb1 e4 27. b4 f4 28. b5 f3 29. Bf1 Qg5 30. Bd2 Bf4 31. Bxf4 Rxf4 32. Re1 e3 33. Rxe3 Rxe3 34. fxe3 f2+ 35. Kg2 Rf7 36. bxa6 bxa6 37. Qe4 Re7 38. Qb1 Qf6 39. Qb8+ Kh7 40. Bd3+ g6 41. Qf4 Qc3 42. Qf8 Qxd3 43. Qxe7+ Kg8 44. Qe8+ Kg7 45. Qe5+ Kg8 46. Qf4 f1=Q+ 47. Qxf1 Qxe3 48. Qf3 Qd2+ 49. Kh3 Qc1 50. d6 Qxc4 51. Qf6 h5 52. Qxg6+ Kf8 53. Qf6+ Kg8 54. d7 Qg4+ 55. Kg2 Qe2+ 56. Qf2 Qd3 57. Qxc5 Qxd7 58. Qxh5 Qd2+ 59. Kh3 Qxa5 60. Qxa5 1-0


[Site "https://www.chess.com"]

[Event "Titled Tuesday Blitz July 4 Early 2023"]
[White "Samarth J Rao"]
[Black "MKlose11"]
[WhiteFideId "46652370"]
[WhiteElo "2252"]
[BlackElo "2605"]
[Result "0-1"]
[Round "4"]
[TimeControl "180+2"]
[Date "2023.07.04"]
[WhiteClock "0:02:09"]
[BlackClock "0:02:22"]
[Board "105"]

1. d4 Nf6 2. Nf3 c5 3. e3 cxd4 4. exd4 g6 5. Bd3 Bg7 6. O-O d6 7. b3 O-O 8. Bb2 Nc6 9. c4 d5 10. c5 b6 11. Bb5 Bd7 12. Bxc6 Bxc6 13. Ne5 Rc8 14. b4 Bb5 15. Re1 a5 16. a4 Be8 17. Ba3 axb4 18. Bxb4 bxc5 19. Bxc5 Ne4 20. Nd3 Nxc5 21. Nxc5 Rxc5 22. dxc5 Bxa1 23. Na3 Bg7 24. Qxd5 Qxd5 0-1


[Site "https://www.chess.com"]

[Event "Titled Tuesday Blitz July 4 Early 2023"]
[White "Shimanov, Aleksandr"]
[Black "Fonseca Manrique, Enrique"]
[WhiteFideId "4198603"]
[BlackFideId "5114330"]
[WhiteElo "2910"]
[BlackElo "2536"]
[Result "1-0"]
[Round "4"]
[TimeControl "180+2"]
[Date "2023.07.04"]
[WhiteClock "0:00:06"]
[BlackClock "0:00:00"]
[Board "106"]

1. d4 Nf6 2. c4 c5 3. Nf3 cxd4 4. Nxd4 e5 5. Nb5 d5 6. cxd5 Bc5 7. e3 O-O 8. N5c3 e4 9. Nd2 Re8 10. Be2 Nbd7 11. a3 a6 12. b4 Bd6 13. Bb2 Nf8 14. Nc4 Bb8 15. h4 Bd7 16. h5 h6 17. Qd4 Ba7 18. Qd2 Qc7 19. Rc1 Rac8 20. d6 Qb8 21. Nd5 Nxd5 22. Qxd5 b5 23. Na5 Rxc1+ 24. Bxc1 Re6 25. Bb2 Qxd6 26. Qxd6 Rxd6 27. Rh4 f5 28. g4 Nh7 29. gxf5 Bxf5 30. Rf4 g6 31. Bd1 Ng5 32. hxg6 Bxg6 33. Bb3+ Bf7 34. Bxf7+ Nxf7 35. Rxe4 Ng5 36. Rf4 h5 37. Ke2 Rh6 38. Bf6 Ne6 39. Rf3 h4 40. Be5 h3 41. Bh2 Kg7 42. Nb3 Ng5 43. Rg3 Kf6 44. Nd2 Bb8 45. f4 Ne6 46. Ne4+ Kf5 47. Kf3 Rh7 48. Ng5 Rd7 49. Nxe6 Kxe6 50. Rxh3 Rd3 51. Rh6+ Kf5 52. Rxa6 Rb3 53. Bg3 Bc7 54. Bf2 Bxf4 55. Ra5 Be5 56. Rxb5 Ke6 57. Ke4 Rxa3 58. Rxe5+ 1-0


[Site "https://www.chess.com"]

[Event "Titled Tuesday Blitz July 4 Early 2023"]
[White "Demchenko, Anton"]
[Black "Karamsetty, Jeevan"]
[WhiteFideId "4160258"]
[BlackFideId "2025337"]
[WhiteElo "2873"]
[BlackElo "2533"]
[Result "1-0"]
[Round "4"]
[TimeControl "180+2"]
[Date "2023.07.04"]
[WhiteClock "0:00:08"]
[BlackClock "0:00:06"]
[Board "107"]

1. e4 d6 2. d4 Nf6 3. Nc3 e5 4. dxe5 dxe5 5. Qxd8+ Kxd8 6. Nf3 Bd6 7. Bc4 Be6 8. Bxe6 fxe6 9. Nd2 c6 10. f3 Bb4 11. Nd1 a5 12. a4 Nbd7 13. Nf2 Ke7 14. Ke2 b5 15. Nb3 Nb6 16. axb5 a4 17. Nd3 Bd6 18. Nbc5 cxb5 19. Bd2 Rhc8 20. Bb4 Nc4 21. b3 Nb6 22. Rhc1 Rc6 23. c3 Nh5 24. g3 Nf6 25. bxa4 bxa4 26. Rd1 Nc4 27. Rxa4 Rxa4 28. Nxa4 Ra6 29. Bxd6+ Nxd6 30. Ndc5 Ra5 31. Rb1 Nd7 32. Nxd7 Rxa4 33. Nxe5 Ra2+ 34. Ke3 Rxh2 35. Ra1 Rg2 36. Ra7+ Kf6 37. Ng4+ Kg6 38. Ra6 Nc4+ 39. Kd4 Nd2 40. Ke3 Nc4+ 41. Kf4 Kf7 42. Rc6 Nd2 43. Ne5+ Kf6 44. Ng4+ Kf7 45. Rc7+ Kg6 46. Ne5+ Kh6 47. g4 g5+ 48. Ke3 Nf1+ 49. Kd4 Rd2+ 50. Kc5 Ne3 51. Rc6 Kg7 52. Rxe6 Rc2 53. Kd4 Nd1 54. Re7+ Kg8 55. Nd7 Rxc3 56. Nf6+ Kf8 57. Rxh7 Rxf3 58. Nd7+ Kg8 59. Rh5 Rf7 60. Rxg5+ Kh8 61. Ne5 Rb7 62. Rf5 Nb2 63. Nf3 Rd7+ 64. Rd5 Rf7 65. Ne5 Ra7 66. g5 Ra4+ 67. Ke3 Ra3+ 68. Kf4 Ra1 69. Rd8+ Kg7 70. Rd7+ Kg8 71. g6 Rf1+ 72. Kg5 Rf8 73. Ng4 Rf1 74. Nh6+ Kf8 75. g7+ Ke8 76. g8=Q+ Kxd7 77. Qd5+ Ke7 78. Nf5+ Kf8 79. Qd8+ Kf7 80. Qe7+ Kg8 81. Qg7# 1-0


[Site "https://www.chess.com"]

[Event "Titled Tuesday Blitz July 4 Early 2023"]
[White "Mekhitarian, Krikor Sevag"]
[Black "Yelisieiev, Yevhenii"]
[WhiteFideId "2107660"]
[BlackFideId "14139642"]
[WhiteElo "2779"]
[BlackElo "2532"]
[Result "1-0"]
[Round "4"]
[TimeControl "180+2"]
[Date "2023.07.04"]
[WhiteClock "0:00:20"]
[BlackClock "0:00:08"]
[Board "108"]

1. Nf3 d6 2. d4 Nf6 3. c4 Nbd7 4. Nc3 e5 5. e4 Be7 6. Be2 O-O 7. O-O c6 8. Be3 a6 9. d5 cxd5 10. cxd5 b5 11. b4 Nb6 12. Nd2 Bd7 13. Qb3 Ng4 14. Bxg4 Bxg4 15. a4 bxa4 16. Nxa4 Nxa4 17. Rxa4 Bd7 18. Ra5 Bb5 19. Rc1 Rc8 20. Raa1 Qd7 21. Nc4 f5 22. Nxe5 dxe5 23. d6+ Kh8 24. dxe7 Qxe7 25. Bc5 Qg5 26. exf5 Rxf5 27. Be3 Rxc1+ 28. Rxc1 Qd8 29. Qe6 Rf8 30. Qxe5 Re8 31. Qg3 h6 32. h3 Qd5 33. Rc7 Qe5 34. Qxe5 Rxe5 35. Bd4 Rg5 36. f4 Rg6 37. g4 h5 38. f5 Rd6 39. Bxg7+ Kg8 40. Be5 Rd5 41. Re7 hxg4 42. hxg4 Rd1+ 43. Kf2 Rb1 44. Kg3 Rxb4 45. g5 Bd3 46. g6 Kf8 47. g7+ Kxe7 48. g8=Q Bxf5 49. Bd6+ Kxd6 50. Qf8+ Kc6 51. Qxb4 Bc8 52. Kf4 Kc7 53. Ke5 Bd7 54. Qa5+ Kb7 55. Kd6 Bb5 56. Kc5 Kc8 57. Kd6 Kb7 58. Qc7+ Ka8 59. Kc5 Bf1 60. Kb6 Bg2 61. Qa7# 1-0


[Site "https://www.chess.com"]

[Event "Titled Tuesday Blitz July 4 Early 2023"]
[White "Vyatkin, Dmitry"]
[Black "Lorparizangeneh, Shahin"]
[WhiteFideId "4171900"]
[BlackFideId "12521604"]
[WhiteElo "2531"]
[BlackElo "2678"]
[Result "0-1"]
[Round "4"]
[TimeControl "180+2"]
[Date "2023.07.04"]
[WhiteClock "0:00:00"]
[BlackClock "0:00:20"]
[Board "109"]

1. d4 g6 2. c4 Bg7 3. g3 c5 4. d5 Nf6 5. Nc3 e6 6. Bg2 exd5 7. cxd5 d6 8. Nf3 O-O 9. O-O Na6 10. Nd2 Nc7 11. Nc4 b5 12. Nxd6 b4 13. Ncb5 Nxb5 14. Nxb5 Bb7 15. Bf4 Bxd5 16. Bxd5 Qxd5 17. Nc7 Qxd1 18. Raxd1 Rac8 19. b3 Ne4 20. Nd5 Rfe8 21. Be3 Nc3 22. Nxc3 bxc3 23. Rd5 c4 24. b4 Red8 25. Rc5 Rxc5 26. bxc5 c2 27. Rc1 Rd1+ 28. Kg2 Rxc1 29. Bxc1 f5 30. f4 Kf7 31. Kf3 Ke6 32. e4 Bd4 33. c6 Kd6 34. e5+ Kxc6 35. Ke2 Kd5 36. Kd2 Bg1 37. h3 Bh2 38. Kxc2 Bxg3 39. Be3 a6 40. Kc3 g5 41. fxg5 Bxe5+ 42. Kc2 Ke4 43. Bd2 f4 44. h4 f3 45. Be1 Ke3 46. h5 Ke2 0-1


[Site "https://www.chess.com"]

[Event "Titled Tuesday Blitz July 4 Early 2023"]
[White "Gogolev, Artem"]
[Black "Matamoros Franco, Carlos S."]
[WhiteFideId "4116615"]
[BlackFideId "3600017"]
[WhiteElo "2517"]
[BlackElo "2657"]
[Result "0-1"]
[Round "4"]
[TimeControl "180+2"]
[Date "2023.07.04"]
[WhiteClock "0:00:03"]
[BlackClock "0:00:05"]
[Board "110"]

1. d4 Nf6 2. c4 c5 3. d5 g6 4. Nc3 Bg7 5. e4 d6 6. h3 O-O 7. Nf3 e6 8. Bd3 exd5 9. exd5 Re8+ 10. Be3 Rxe3+ 11. fxe3 Qe7 12. O-O Nbd7 13. Rf2 b6 14. Qd2 Ba6 15. Kh1 Ne5 16. Nxe5 Qxe5 17. Raf1 Rf8 18. Rf3 Qe7 19. R3f2 Nd7 20. Ne4 f5 21. Nc3 Bh6 22. Ne2 Bxe3 23. Qd1 Bxf2 24. Rxf2 Ne5 25. Nf4 Bc8 26. Bf1 g5 27. Nd3 Qf6 28. Nxe5 Qxe5 29. Re2 Qf6 30. Qe1 f4 31. Re7 f3 32. gxf3 Qxf3+ 33. Bg2 Qf6 34. Rxa7 Bf5 35. Qe7 Qxe7 36. Rxe7 Rf7 37. Re8+ Kg7 38. Rb8 Kf6 39. Rxb6 Ke5 40. a4 Bd3 41. b3 Rf2 42. a5 Ra2 43. a6 Ra3 44. Kh2 Bc2 45. Kg3 Bxb3 46. Kg4 Bxc4 47. Kxg5 Rg3+ 48. Kh6 Rxg2 49. a7 Bxd5 50. Ra6 Rg3 51. a8=Q Bxa8 52. Rxa8 Rxh3+ 53. Kg5 c4 54. Re8+ Kd4 55. Kf4 c3 56. Re4+ Kd3 57. Re6 d5 58. Rd6 d4 59. Ke5 c2 60. Rxd4+ Kc3 61. Rh4 Rxh4 0-1


[Site "https://www.chess.com"]

[Event "Titled Tuesday Blitz July 4 Early 2023"]
[White "Brunner, Nicolas"]
[Black "Fakhrutdinov, Timur"]
[WhiteFideId "620246"]
[BlackFideId "24176702"]
[WhiteElo "2517"]
[BlackElo "2647"]
[Result "1-0"]
[Round "4"]
[TimeControl "180+2"]
[Date "2023.07.04"]
[WhiteClock "0:00:22"]
[BlackClock "0:00:00"]
[Board "111"]

1. Nf3 Nf6 2. g3 d5 3. Bg2 e6 4. d4 Be7 5. O-O O-O 6. c4 dxc4 7. Qa4 a6 8. Qxc4 b5 9. Qc2 Bb7 10. Bg5 Nbd7 11. Bxf6 Bxf6 12. Nbd2 Rc8 13. b4 Nb6 14. Rfd1 Qe7 15. Ne4 Bxe4 16. Qxe4 Qxb4 17. Ne5 Bxe5 18. Qxe5 Nc4 19. Qe4 c5 20. dxc5 Qxc5 21. Rd7 Nb6 22. Rb7 Rc7 23. Rd1 Nd5 24. Rxc7 Qxc7 25. Qd4 Nc3 26. Rd2 a5 27. Rc2 b4 28. a3 Rb8 29. axb4 axb4 30. e3 Qb6 31. Qc4 g6 32. Qb3 Qa5 33. Bf1 Rd8 34. Rb2 Rb8 35. Rc2 Qc7 36. h4 h5 37. Rb2 Qc5 38. Qc2 Kg7 39. Rb3 Rc8 40. Qb2 Qe5 41. Rxb4 Qf6 42. Rf4 Qe5 43. Kh2 Rc7 44. Qa1 Qd6 45. Bc4 Qe5 46. Rd4 1-0


[Site "https://www.chess.com"]

[Event "Titled Tuesday Blitz July 4 Early 2023"]
[White "Kamalidenova, Meruert"]
[Black "Lehtosaari, Mauri"]
[WhiteFideId "13712802"]
[BlackFideId "501999"]
[WhiteElo "2633"]
[BlackElo "2514"]
[Result "1-0"]
[Round "4"]
[TimeControl "180+2"]
[Date "2023.07.04"]
[WhiteClock "0:00:27"]
[BlackClock "0:00:01"]
[Board "112"]

1. d4 d5 2. c4 c6 3. Nc3 Nf6 4. Nf3 dxc4 5. e4 b5 6. e5 Nd5 7. a4 e6 8. Ne4 h6 9. Be2 Bb7 10. O-O Be7 11. b3 cxb3 12. axb5 cxb5 13. Bxb5+ Bc6 14. Qxb3 O-O 15. Bxc6 Nxc6 16. Ba3 Nf4 17. Bxe7 Nxe7 18. Rfe1 Ned5 19. Nd6 a5 20. g3 Nh3+ 21. Kg2 Ng5 22. Nd2 f6 23. h4 Nh7 24. N2e4 fxe5 25. dxe5 Kh8 26. Red1 Qe7 27. Ra2 Rfb8 28. Qf3 Nf8 29. Rda1 Ng6 30. Nf7+ Kg8 31. Ned6 Rf8 32. Qe4 Rxf7 33. Qxg6 Rff8 34. Qe4 Nc3 35. Qc4 Nxa2 36. Rxa2 Kh8 37. Ne4 Qb7 38. Kh2 Qd5 39. Qe2 Qxe5 40. f4 Qd5 41. Nf2 a4 42. Ng4 a3 43. Ne5 Kg8 44. Rd2 Qb3 45. Qg4 Ra7 46. Rd3 Qb2+ 47. Kh3 a2 48. Qxe6+ Kh8 49. Ng6+ Kh7 50. Nxf8+ Kh8 51. Rd8 Ra8 52. Rxa8 a1=Q 53. Ng6+ Kh7 54. Rh8# 1-0


[Site "https://www.chess.com"]